[Event "European Online Club-ch-I 2021"]
[Site "Online"]
[Date "2021.03.27"]
[Round "5.8"]
[White "Terry, Renato"]
[Black "Bashirli, Nail"]
[Result "1/2-1/2"]
[ECO "E15"]
[WhiteElo "2504"]
[BlackElo "2382"]
[Annotator "ChessBase"]
[PlyCount "199"]
[EventDate "2021.03.27"]
[EventType "team-tourn"]
[EventCountry "NET"]
[SourceTitle "playchess.com"]
[Source "ChessBase"]
[SourceQuality "1"]
[TimeControl "900+5"]

1. Nf3 Nf6 2. d4 e6 3. c4 b6 4. g3 Ba6 5. Qa4 Bb7 6. Bg2 c5 7. dxc5 bxc5 8. O-O Be7 9. Nc3 O-O 10. Rd1 Qb6 11. Bf4 d6 12. Rd2 h6 13. Qb5 e5 14. Qxb6 axb6 15. Be3 Nc6 16. Nh4 Rfd8 17. Nf5 Bf8 18. Rad1 Na5 19. b3 Bxg2 20. Kxg2 Nb7 21. f3 Kh7 22. g4 Rd7 23. Ng3 Nd8 24. g5 Ng8 25. Nge4 hxg5 26. Nxg5+ Kg6 27. Nge4 Nb7 28. Nd5 Ra6 29. f4 f5 30. Nec3 Nf6 31. Nxf6 gxf6 32. Kf3 Nd8 33. Rg1+ Kf7 34. Bf2 Bh6 35. e3 Nc6 36. Rgd1 Ke6 37. Nd5 Bf8 38. Bh4 Bg7 39. Bxf6 Nd4+ 40. exd4 e4+ 41. Ke3 Bxf6 42. Nxf6 Kxf6 43. dxc5 bxc5 44. h4 Ke6 45. Rg1 Kf6 46. h5 Rh7 47. Rg6+ Kf7 48. Rg5 Ke6 49. Rh2 Ra8 50. Rg6+ Ke7 51. h6 Rah8 52. Rh5 Rf7 53. Rgg5 Ke6 54. Rg6+ Ke7 55. Kd2 Ra8 56. h7 Rh8 57. Rgh6 Rg7 58. Rxf5 Rhxh7 59. Rxh7 Rxh7 60. Ke3 Rh2 61. Kxe4 Rxa2 62. Rh5 Rd2 63. Kf5 d5 64. Rh7+ Kd6 65. Rh8 d4 66. Rd8+ Kc7 67. Rd5 Kc6 68. Kg6 Rg2+ 69. Kf7 Rb2 70. f5 Rxb3 71. f6 Rf3 72. Ke7 Re3+ 73. Kf8 Rc3 74. f7 Rxc4 75. Ke7 Kxd5 76. f8=Q Rc3 77. Qf7+ Ke4 78. Kd6 Kd3 79. Qg6+ Kd2 80. Qg2+ Kc1 81. Qf1+ Kc2 82. Qe2+ Kc1 83. Qe1+ Kb2 84. Qd2+ Rc2 85. Qd3 Rc3 86. Qd1 d3 87. Qd2+ Kb3 88. Qd1+ Kb2 89. Qd2+ Kb3 90. Qd1+ Kb4 91. Qb1+ Rb3 92. Qe1+ Rc3 93. Kd5 Kb3 94. Qb1+ Ka3 95. Qa1+ Kb3 96. Qd1+ Kb2 97. Qd2+ Kb3 98. Qd1+ Kb2 99. Qd2+ Kb3 100. Qd1+ 1/2-1/2

[Event "European Online Club-ch-I 2021"]
[Site "Online"]
[Date "2021.03.27"]
[Round "5.9"]
[White "Batsiashvili, Nino"]
[Black "Moranda, Wojciech"]
[Result "0-1"]
[ECO "D34"]
[WhiteElo "2491"]
[BlackElo "2618"]
[Annotator "ChessBase"]
[PlyCount "100"]
[EventDate "2021.03.27"]
[EventType "team-tourn"]
[EventCountry "NET"]
[SourceTitle "playchess.com"]
[Source "ChessBase"]
[SourceQuality "1"]
[TimeControl "900+5"]

1. c4 Nf6 2. Nc3 c5 3. g3 e6 4. Nf3 d5 5. cxd5 exd5 6. d4 Nc6 7. Bg2 Be7 8. O-O O-O 9. b3 Re8 10. Bb2 Bg4 11. dxc5 Bxc5 12. Na4 Bf8 13. Rc1 Rc8 14. h3 Bf5 15. Re1 Ne4 16. Nd4 Nxd4 17. Bxd4 Bb4 18. Rf1 b5 19. Nb2 Nc3 20. Bxc3 Bxc3 21. Nd3 d4 22. a3 Qe7 23. Nf4 Qxa3 24. Nd5 b4 25. g4 Be6 26. e4 Bxd5 27. exd5 Qa6 28. Qf3 d3 29. Rcd1 d2 30. Qf5 g6 31. Qd7 Rcd8 32. Qc6 Qd3 33. Qc7 a6 34. Qb6 Qb5 35. Qc7 Rd7 36. Qf4 Re1 37. Rxd2 Bxd2 38. Qxd2 Rxf1+ 39. Bxf1 Rxd5 40. Qe1 Re5 41. Qa1 Qa5 42. Qd4 Re1 43. Kg2 Qa1 44. Qc4 a5 45. Bd3 Qc3 46. Qb5 Kg7 47. Bc4 Qe5 48. Qd7 Qe4+ 49. Kg3 Rg1+ 50. Kh4 Qf4 0-1

[Event "European Online Club-ch-I 2021"]
[Site "Online"]
[Date "2021.03.27"]
[Round "5.10"]
[White "Tomczak, Jacek"]
[Black "Bulmaga, Irina"]
[Result "0-1"]
[ECO "B87"]
[WhiteElo "2610"]
[BlackElo "2440"]
[Annotator "ChessBase"]
[PlyCount "138"]
[EventDate "2021.03.27"]
[EventType "team-tourn"]
[EventCountry "NET"]
[SourceTitle "playchess.com"]
[Source "ChessBase"]
[SourceQuality "1"]
[TimeControl "900+5"]

1. e4 c5 2. Nf3 d6 3. d4 cxd4 4. Nxd4 Nf6 5. Nc3 a6 6. Bc4 e6 7. Bb3 b5 8. O-O Be7 9. Qf3 Bb7 10. Bxe6 fxe6 11. Nxe6 Qd7 12. Nd5 Bd8 13. Qb3 Nc6 14. Bf4 Na5 15. Qh3 Bc8 16. Nxd8 Qxh3 17. gxh3 Nxd5 18. exd5 Kxd8 19. Bxd6 Nc4 20. Bc5 Bxh3 21. Rfe1 Nxb2 22. Re3 Bd7 23. Rg3 Rg8 24. Re1 Nc4 25. d6 Rc8 26. Bd4 Rc6 27. Bxg7 Kc8 28. Re7 Rxd6 29. Bc3 Rxg3+ 30. hxg3 Bf5 31. f4 Rd7 32. Re8+ Kc7 33. Kf2 a5 34. a3 Bxc2 35. g4 Rd3 36. Bg7 Bd1 37. f5 Bxg4 38. f6 Rf3+ 39. Kg2 Bh5 40. Re7+ Kc6 41. Re4 Kd5 42. Rh4 Ne3+ 43. Kg1 Bg6 44. Kh1 Nc4 45. Kg2 Rf5 46. Rh3 Ke4 47. Rc3 Ne3+ 48. Kg1 Ng4 49. Rc6 Kd3 50. Ra6 a4 51. Rc6 Ne3 52. Re6 Nc4 53. Bf8 Kc2 54. Be7 Rf3 55. Kg2 Rd3 56. Rc6 Kb3 57. Rc5 Nxa3 58. Rg5 Bf7 59. Rg7 Bd5+ 60. Kf2 Rf3+ 61. Ke2 Nc2 62. Rg5 Nd4+ 63. Ke1 Bc4 64. Rg4 Kc3 65. Rg1 b4 66. Kd1 b3 67. Bc5 Rxf6 68. Rg3+ Bd3 69. Rg4 Rf1# 0-1

[Event "European Online Club-ch-I 2021"]
[Site "Online"]
[Date "2021.03.27"]
[Round "5.11"]
[White "Atalik, Ekaterina"]
[Black "Klekowski, Maciej"]
[Result "1/2-1/2"]
[ECO "A80"]
[WhiteElo "2430"]
[BlackElo "2510"]
[Annotator "ChessBase"]
[PlyCount "76"]
[EventDate "2021.03.27"]
[EventType "team-tourn"]
[EventCountry "NET"]
[SourceTitle "playchess.com"]
[Source "ChessBase"]
[SourceQuality "1"]
[TimeControl "900+5"]

1. d4 f5 2. Bg5 g6 3. h4 Bg7 4. Nf3 d6 5. e3 Nc6 6. Bc4 h6 7. Bf4 Nf6 8. Nc3 a6 9. a3 Ng4 10. d5 Nce5 11. Bb3 O-O 12. Nd4 Kh7 13. Qe2 Bd7 14. O-O-O c5 15. dxc6 Nxc6 16. f3 Nge5 17. h5 g5 18. Bxe5 Bxe5 19. g4 f4 20. Qd3+ Kh8 21. Nd5 fxe3 22. Nxc6 bxc6 23. Nxe3 Rb8 24. Nc4 Bg7 25. Rhe1 c5 26. Qe4 Bf6 27. Ne3 c4 28. Nxc4 Qc7 29. Qg6 Rxb3 30. Qxh6+ Kg8 31. Qg6+ Kh8 32. Qh6+ Kg8 33. Qg6+ Kh8 34. cxb3 Rb8 35. Qh6+ Kg8 36. Qg6+ Kh8 37. Qh6+ Kg8 38. Qg6+ Kh8 1/2-1/2

[Event "European Online Club-ch-I 2021"]
[Site "Online"]
[Date "2021.03.27"]
[Round "5.12"]
[White "Teclaf, Pawel"]
[Black "Daulyte-Cornette, Deimante"]
[Result "1-0"]
[ECO "A49"]
[WhiteElo "2507"]
[BlackElo "2387"]
[Annotator "ChessBase"]
[PlyCount "79"]
[EventDate "2021.03.27"]
[EventType "team-tourn"]
[EventCountry "NET"]
[SourceTitle "playchess.com"]
[Source "ChessBase"]
[SourceQuality "1"]
[TimeControl "900+5"]

1. Nf3 Nf6 2. b3 g6 3. Bb2 Bg7 4. g3 d6 5. d4 c5 6. Bg2 Ne4 7. O-O Nc6 8. Nbd2 Nxd2 9. Qxd2 Bg4 10. e3 O-O 11. c4 Qb6 12. d5 Bxb2 13. Qxb2 Bxf3 14. Bxf3 Ne5 15. Be2 f5 16. f4 Nd7 17. e4 fxe4 18. Bg4 Rf5 19. Qg2 Nf6 20. Bh3 h5 21. Bxf5 gxf5 22. Qh3 Qb4 23. Qxf5 Qd2 24. Rae1 Qxa2 25. Rxe4 Nxe4 26. Qxe4 Qxb3 27. Qxe7 Qxc4 28. Qg5+ Kf8 29. Qh6+ Kg8 30. Qg6+ Kh8 31. Qxh5+ Kg7 32. Qg5+ Kf7 33. Re1 Qd4+ 34. Kh1 Qf6 35. Qh5+ Kg7 36. Re6 Qa1+ 37. Kg2 Qb2+ 38. Kh3 Rh8 39. Re7+ Kf8 40. Re8+ 1-0

[Event "European Online Club-ch-I 2021"]
[Site "Online"]
[Date "2021.03.27"]
[Round "5.13"]
[White "Arnaudov, G. Petar"]
[Black "Stephan, Victor"]
[Result "1-0"]
[ECO "D02"]
[WhiteElo "2471"]
[BlackElo "2430"]
[Annotator "ChessBase"]
[PlyCount "57"]
[EventDate "2021.03.27"]
[EventType "team-tourn"]
[EventCountry "NET"]
[SourceTitle "playchess.com"]
[Source "ChessBase"]
[SourceQuality "1"]
[TimeControl "900+5"]

1. d4 Nf6 2. Nf3 e6 3. g3 c5 4. Bg2 cxd4 5. Nxd4 d5 6. O-O e5 7. Nb3 Be6 8. Nc3 Be7 9. Bg5 Nbd7 10. f4 exf4 11. gxf4 g6 12. Kh1 O-O 13. Nd4 Bg4 14. Qd3 Nc5 15. Qg3 Qd7 16. Qh4 Kg7 17. f5 h5 18. h3 Bxf5 19. Rxf5 gxf5 20. Rf1 Kg6 21. Rxf5 Qxf5 22. Nxf5 Kxf5 23. Bxf6 Bxf6 24. Qxh5+ Bg5 25. h4 Ne6 26. Bh3+ Kf6 27. hxg5+ Kg7 28. Qh6+ Kg8 29. Nxd5 1-0

[Event "European Online Club-ch-I 2021"]
[Site "Online"]
[Date "2021.03.27"]
[Round "5.14"]
[White "Bilquez, Romain"]
[Black "Godart, Francois"]
[Result "0-1"]
[ECO "C15"]
[WhiteElo "2276"]
[BlackElo "2422"]
[Annotator "NA"]
[PlyCount "96"]
[EventDate "2021.03.27"]
[EventType "team-tourn"]
[EventCountry "NET"]
[SourceTitle "playchess.com"]
[Source "ChessBase"]
[SourceQuality "1"]
[TimeControl "900+5"]

1. e4 e6 2. d4 d5 3. Nc3 Bb4 4. Nge2 dxe4 5. a3 Bxc3+ 6. Nxc3 Nc6 7. Bb5 Nge7 8. Nxe4 O-O 9. c3 Qd5 10. Bxc6 Nxc6 11. Qf3 b6 12. O-O Bb7 13. Re1 Rad8 14. Qg3 f5 15. Ng5 Rf6 16. Bf4 Rg6 17. Qf3 Na5 18. Qxd5 Bxd5 19. g3 Nb3 20. Rad1 h6 21. Nh3 Bf3 22. Bxc7 Rd7 23. Be5 Bxd1 24. Rxd1 h5 25. Nf4 Rh6 26. h4 Kf7 27. Nd3 Rh8 28. Bf4 Rd5 29. Ne5+ Ke8 30. Ng6 Rg8 31. Re1 Kd7 32. Be5 Na5 33. Nf4 Nc4 34. Nxd5 exd5 35. b3 Nd2 36. Kg2 Nxb3 37. Bf4 Re8 38. Be5 g6 39. Kf3 b5 40. Kf4 Nd2 41. f3 Nc4 42. Rb1 a6 43. a4 bxa4 44. Rb7+ Kc6 45. Rc7+ Kb6 46. Rc5 a3 47. Rxd5 a2 48. Rc5 a1=Q 0-1

[Event "European Online Club-ch-I 2021"]
[Site "Online"]
[Date "2021.03.27"]
[Round "5.15"]
[White "Marechal, Andy"]
[Black "Martsynovskaya, Marina"]
[Result "1-0"]
[ECO "C55"]
[WhiteElo "2332"]
[BlackElo "2046"]
[Annotator "NA"]
[PlyCount "109"]
[EventDate "2021.03.27"]
[EventType "team-tourn"]
[EventCountry "NET"]
[SourceTitle "playchess.com"]
[Source "ChessBase"]
[SourceQuality "1"]
[TimeControl "900+5"]

1. e4 e5 2. Nf3 Nc6 3. Bc4 Be7 4. c3 Nf6 5. d3 O-O 6. Bb3 h6 7. Nbd2 d6 8. Nf1 Be6 9. Ng3 Re8 10. h3 Qd7 11. Nh2 d5 12. Qf3 dxe4 13. dxe4 Bxb3 14. axb3 Rad8 15. Ng4 Qd3 16. Qxd3 Rxd3 17. Ke2 Red8 18. b4 a6 19. Ne3 R3d7 20. Nef5 Bf8 21. f3 Kh7 22. Ne3 g6 23. Ng4 Ng8 24. h4 h5 25. Nf2 Bh6 26. Bxh6 Kxh6 27. Rad1 Nge7 28. Rxd7 Rxd7 29. Nd3 b6 30. Ra1 f6 31. Rxa6 g5 32. hxg5+ Kxg5 33. Ra8 h4 34. Nf1 Ng6 35. Ne3 Nce7 36. Re8 Nf4+ 37. Nxf4 exf4 38. Ng4 c5 39. bxc5 bxc5 40. Rb8 f5 41. Nf2 Ng6 42. Rb5 Rc7 43. exf5 Kxf5 44. Ne4 Ne5 45. Rxc5 Rg7 46. Kf1 Rd7 47. Nf2 Ke6 48. Rb5 Rd2 49. Rb6+ Kf5 50. Ne4 Nc4 51. Rb5+ Kg6 52. Nxd2 Nxd2+ 53. Ke2 Nc4 54. Rb4 Ne3 55. Rxf4 1-0

[Event "European Online Club-ch-I 2021"]
[Site "Online"]
[Date "2021.03.27"]
[Round "5.16"]
[White "Devallee, Jeremie"]
[Black "Dishman, Stephen"]
[Result "0-1"]
[ECO "B18"]
[WhiteElo "2220"]
[BlackElo "2316"]
[Annotator "NA"]
[PlyCount "76"]
[EventDate "2021.03.27"]
[EventType "team-tourn"]
[EventCountry "NET"]
[SourceTitle "playchess.com"]
[Source "ChessBase"]
[SourceQuality "1"]
[TimeControl "900+5"]

1. e4 c6 2. d4 d5 3. Nc3 dxe4 4. Nxe4 Bf5 5. Ng3 Bg6 6. N1e2 Nf6 7. Nf4 e5 8. Nxg6 hxg6 9. dxe5 Qa5+ 10. Bd2 Qxe5+ 11. Qe2 Nbd7 12. O-O-O O-O-O 13. Qf3 Nb6 14. Bd3 Bc5 15. Bc3 Bd4 16. Rhe1 Qg5+ 17. Bd2 Qd5 18. Qxd5 Nbxd5 19. Ne4 Rxh2 20. c4 Nxe4 21. Bxe4 Nf6 22. Bf4 Rhh8 23. Bf3 Bxf2 24. Rf1 Bb6 25. g4 Rxd1+ 26. Bxd1 Ne4 27. g5 f5 28. gxf6 gxf6 29. Bc2 Re8 30. Re1 f5 31. b4 Bc7 32. Be3 b6 33. Rg1 Re6 34. Rh1 Kb7 35. Rh7 Nf6 36. Rh3 Rxe3 37. Rxe3 Bf4 38. Kd2 Ng4 0-1

[Event "European Online Club-ch-I 2021"]
[Site "Online"]
[Date "2021.03.27"]
[Round "5.18"]
[White "Sprenar, Petr"]
[Black "Sorensen, Jan"]
[Result "0-1"]
[ECO "E00"]
[WhiteElo "2259"]
[BlackElo "2369"]
[Annotator "NA"]
[PlyCount "98"]
[EventDate "2021.03.27"]
[EventType "team-tourn"]
[EventCountry "NET"]
[SourceTitle "playchess.com"]
[Source "ChessBase"]
[SourceQuality "1"]
[TimeControl "900+5"]

1. d4 e6 2. c4 Nf6 3. g3 Bb4+ 4. Bd2 Qe7 5. Bg2 Nc6 6. e3 O-O 7. Ne2 Bxd2+ 8. Nxd2 d6 9. O-O e5 10. d5 Nb8 11. Nc3 a5 12. a3 Na6 13. b4 Bg4 14. Qb3 h5 15. h3 Bd7 16. Rfe1 Nh7 17. f4 h4 18. g4 exf4 19. exf4 Qf6 20. Re4 axb4 21. axb4 Nc5 22. bxc5 Rxa1+ 23. Kh2 dxc5 24. Nf3 Rfa8 25. g5 Qd6 26. Qxb7 R1a7 27. Qb2 Ra6 28. Nxh4 Nxg5 29. Re5 f6 30. Nf5 Bxf5 31. Rxf5 Re8 32. Nb5 Qd7 33. Qc2 Nf7 34. Rh5 Nh6 35. d6 c6 36. Rxh6 f5 37. Rg6 cxb5 38. cxb5 Rxd6 39. Qc4+ Kh7 40. Rg5 g6 41. Qxc5 Rd2 42. h4 Qd6 43. Qxd6 Rxd6 44. h5 gxh5 45. Rxh5+ Kg6 46. Rg5+ Kf6 47. Rh5 Rd2 48. b6 Ree2 49. Rg5 Rb2 0-1

[Event "European Online Club-ch-I 2021"]
[Site "Online"]
[Date "2021.03.27"]
[Round "5.19"]
[White "Boe, Mads"]
[Black "Eret, Matous"]
[Result "1-0"]
[ECO "A46"]
[WhiteElo "2250"]
[BlackElo "2255"]
[Annotator "NA"]
[PlyCount "85"]
[EventDate "2021.03.27"]
[EventType "team-tourn"]
[EventCountry "NET"]
[SourceTitle "playchess.com"]
[Source "ChessBase"]
[SourceQuality "1"]
[TimeControl "900+5"]

1. d4 Nf6 2. Nf3 d6 3. Bg5 Nbd7 4. e3 e5 5. c3 Be7 6. Bc4 O-O 7. O-O c6 8. a4 a5 9. Ba2 Qc7 10. h3 Re8 11. Nbd2 Nf8 12. Bh4 e4 13. Ne1 Ng6 14. Bg3 h5 15. Qc2 Bf8 16. f3 h4 17. Bh2 Be6 18. fxe4 Bxa2 19. Rxa2 Qe7 20. Nef3 Nxe4 21. Nxe4 Qxe4 22. Qxe4 Rxe4 23. Kf2 Rae8 24. Re1 d5 25. Raa1 f6 26. Rab1 Ne7 27. Nd2 Re6 28. e4 dxe4 29. Rxe4 Rxe4 30. Nxe4 Nf5 31. Re1 Kf7 32. Bc7 Ra8 33. Kf3 g6 34. Re2 Be7 35. Bf4 Rd8 36. Bc7 Ra8 37. Bb6 Ng7 38. Bc5 b5 39. Ng5+ fxg5 40. Rxe7+ Kf6 41. Rc7 Ra6 42. d5 Ne8 43. Bd4+ 1-0

[Event "European Online Club-ch-I 2021"]
[Site "Online"]
[Date "2021.03.27"]
[Round "5.20"]
[White "Stinka, Jakub"]
[Black "Rendboe, John Filip"]
[Result "1-0"]
[ECO "D59"]
[WhiteElo "2232"]
[BlackElo "2169"]
[Annotator "NA"]
[PlyCount "85"]
[EventDate "2021.03.27"]
[EventType "team-tourn"]
[EventCountry "NET"]
[SourceTitle "playchess.com"]
[Source "ChessBase"]
[SourceQuality "1"]
[TimeControl "900+5"]

1. d4 Nf6 2. c4 e6 3. Nf3 d5 4. Nc3 Be7 5. Bg5 O-O 6. e3 h6 7. Bh4 b6 8. cxd5 Nxd5 9. Bxe7 Qxe7 10. Nxd5 exd5 11. Rc1 Bb7 12. Bd3 c5 13. dxc5 bxc5 14. O-O Nc6 15. Bb1 Nb4 16. a3 Na6 17. Qd3 g6 18. Rfd1 Rfd8 19. Re1 Rab8 20. h4 h5 21. Qe2 Qf6 22. Ng5 Bc8 23. Rc3 Re8 24. e4 Bg4 25. f3 Bd7 26. Qf2 Qb6 27. Rc2 d4 28. Rd2 Nc7 29. f4 Ne6 30. Nxe6 Bxe6 31. f5 Bb3 32. e5 Rbd8 33. e6 fxe6 34. fxg6 Rf8 35. Qe2 c4 36. Qxh5 d3+ 37. Kh1 Qb7 38. Qe5 Qd5 39. Qg3 Rf5 40. Kh2 Rdf8 41. Bxd3 cxd3 42. Rxd3 Qa5 43. g7 1-0

[Event "European Online Club-ch-I 2021"]
[Site "Online"]
[Date "2021.03.27"]
[Round "6.1"]
[White "Ribbegren, Karl Johan"]
[Black "Bulockin, Martin"]
[Result "0-1"]
[ECO "D03"]
[WhiteElo "2185"]
[BlackElo "2315"]
[Annotator "NA"]
[PlyCount "90"]
[EventDate "2021.03.27"]
[EventType "team-tourn"]
[EventCountry "NET"]
[SourceTitle "playchess.com"]
[Source "ChessBase"]
[SourceQuality "1"]
[TimeControl "900+5"]

1. d4 Nf6 2. Nf3 e6 3. Bg5 c5 4. e3 Nc6 5. c3 d5 6. Nbd2 Be7 7. Bd3 O-O 8. Ne5 h6 9. Bf4 Nd7 10. Qh5 f5 11. Nxc6 bxc6 12. Bxh6 Qe8 13. Qxe8 Rxe8 14. Bf4 a5 15. O-O Ba6 16. Bxa6 Rxa6 17. f3 Rb6 18. Rab1 cxd4 19. exd4 Rb7 20. Rfe1 Kf7 21. Re2 c5 22. Rbe1 Bf6 23. Nb3 cxd4 24. Nxd4 Bxd4+ 25. cxd4 Nb6 26. Rc1 a4 27. Rc7+ Re7 28. Rxe7+ Kxe7 29. Kf2 Nc4 30. Bc1 Kf6 31. h4 g6 32. g4 e5 33. dxe5+ Ke6 34. g5 d4 35. f4 d3 36. b3 dxe2 37. bxc4 Rb1 38. Bd2 e1=Q+ 39. Bxe1 Rb2+ 40. Ke3 Rxa2 41. Bc3 Rh2 42. c5 Kd5 43. Bb4 a3 44. c6 Kxc6 45. e6 a2 0-1

[Event "European Online Club-ch-I 2021"]
[Site "Online"]
[Date "2021.03.27"]
[Round "6.2"]
[White "Mladek, Richard"]
[Black "Verdier, Patrice"]
[Result "1-0"]
[ECO "B82"]
[WhiteElo "2291"]
[BlackElo "2109"]
[Annotator "NA"]
[PlyCount "65"]
[EventDate "2021.03.27"]
[EventType "team-tourn"]
[EventCountry "NET"]
[SourceTitle "playchess.com"]
[Source "ChessBase"]
[SourceQuality "1"]
[TimeControl "900+5"]

1. e4 c5 2. Nf3 d6 3. d4 cxd4 4. Nxd4 Nf6 5. Nc3 a6 6. Bd3 e6 7. O-O Be7 8. Kh1 O-O 9. f4 Nc6 10. Nb3 b5 11. Qf3 Nb4 12. e5 Nfd5 13. Be4 Ra7 14. Nd4 Nxc3 15. bxc3 d5 16. Bxh7+ Kxh7 17. cxb4 Rc7 18. c3 Rc4 19. Bd2 Bxb4 20. Qd3+ g6 21. cxb4 Qb6 22. Nb3 Bb7 23. Na5 Re4 24. Rac1 Ba8 25. Rc5 Kg7 26. Rfc1 Bb7 27. h3 Rh8 28. Kh2 Rh4 29. Rc7 Qf2 30. Nxb7 Re2 31. Qg3 Rxd2 32. Nd8 Rxf4 33. Nxe6+ 1-0

[Event "European Online Club-ch-I 2021"]
[Site "Online"]
[Date "2021.03.27"]
[Round "6.3"]
[White "Van Hoolandt, Patrick"]
[Black "Sprenar, Petr"]
[Result "0-1"]
[ECO "D38"]
[WhiteElo "2017"]
[BlackElo "2259"]
[Annotator "NA"]
[PlyCount "66"]
[EventDate "2021.03.27"]
[EventType "team-tourn"]
[EventCountry "NET"]
[SourceTitle "playchess.com"]
[Source "ChessBase"]
[SourceQuality "1"]
[TimeControl "900+5"]

1. d4 d5 2. c4 e6 3. Nf3 Nf6 4. Nc3 Bb4 5. cxd5 exd5 6. Bg5 h6 7. Bh4 g5 8. Bg3 Ne4 9. Nd2 Nxg3 10. hxg3 c6 11. Qc2 Be6 12. e3 Nd7 13. Bd3 Qe7 14. O-O-O O-O-O 15. Kb1 Kb8 16. Rc1 h5 17. a3 Bd6 18. Nb3 h4 19. gxh4 Rxh4 20. g3 Rxh1 21. Rxh1 Qf6 22. f4 Bg4 23. Nd2 Re8 24. Nf1 Nb6 25. Ka2 a6 26. b3 c5 27. dxc5 Bxc5 28. fxg5 Qxg5 29. e4 Bd4 30. Nxd5 Nxd5 31. exd5 Re1 32. b4 Ra1+ 33. Kb3 Bd1 0-1

[Event "European Online Club-ch-I 2021"]
[Site "Online"]
[Date "2021.03.27"]
[Round "6.4"]
[White "Eret, Matous"]
[Black "Rapaire, Jean-Michel"]
[Result "1-0"]
[ECO "C45"]
[WhiteElo "2255"]
[BlackElo "1739"]
[Annotator "NA"]
[PlyCount "63"]
[EventDate "2021.03.27"]
[EventType "team-tourn"]
[EventCountry "NET"]
[SourceTitle "playchess.com"]
[Source "ChessBase"]
[SourceQuality "1"]
[TimeControl "900+5"]

1. e4 d6 2. d4 e5 3. Nf3 exd4 4. Nxd4 Nc6 5. Nxc6 bxc6 6. Bd3 Nf6 7. O-O Be7 8. f4 O-O 9. h3 a5 10. Qe2 Nd7 11. Be3 Bf6 12. c3 Re8 13. Nd2 g6 14. a4 Nb6 15. Nf3 c5 16. e5 Bg7 17. Bb5 Bd7 18. Rad1 Bxb5 19. axb5 Qe7 20. Qf2 Nc4 21. Bc1 Rab8 22. Rfe1 Qd7 23. Ng5 Qxb5 24. Qh4 h6 25. Ne4 dxe5 26. fxe5 Rxe5 27. Bxh6 Rbe8 28. Nf6+ Bxf6 29. Qxf6 Rxe1+ 30. Rxe1 Rxe1+ 31. Kh2 Rh1+ 32. Kxh1 1-0

[Event "European Online Club-ch-I 2021"]
[Site "Online"]
[Date "2021.03.27"]
[Round "6.5"]
[White "Stephan, Victor"]
[Black "Skytte, Rasmus"]
[Result "1-0"]
[ECO "A57"]
[WhiteElo "2430"]
[BlackElo "2381"]
[Annotator "NA"]
[PlyCount "93"]
[EventDate "2021.03.27"]
[EventType "team-tourn"]
[EventCountry "NET"]
[SourceTitle "playchess.com"]
[Source "ChessBase"]
[SourceQuality "1"]
[TimeControl "900+5"]

1. d4 Nf6 2. c4 c5 3. d5 b5 4. a4 Qa5+ 5. Bd2 b4 6. Qc2 g6 7. e4 d6 8. f4 Bg7 9. Nf3 Nxe4 10. Qxe4 Bf5 11. Qe3 Bxb2 12. Ra2 Bg7 13. Bd3 Bxd3 14. Qxd3 O-O 15. O-O Nd7 16. Bc1 b3 17. Qxb3 Rab8 18. Qc2 Qb4 19. Ba3 Qb3 20. Qxb3 Rxb3 21. Nbd2 Rd3 22. Bb2 Bh6 23. g3 Rb8 24. Kf2 Bg7 25. Bxg7 Kxg7 26. Rc1 f5 27. Ke2 Rd4 28. Nxd4 cxd4 29. Rb1 Rc8 30. Rb7 Nc5 31. Rxe7+ Kf6 32. Re6+ Nxe6 33. dxe6 Kxe6 34. Rb2 d5 35. Kd3 dxc4+ 36. Nxc4 Kd5 37. Rb5+ Kc6 38. Kxd4 Rd8+ 39. Ke5 Rd1 40. Kf6 Ra1 41. Ne5+ Kd6 42. Ra5 Ra2 43. h4 Rg2 44. Rxa7 Rxg3 45. Rd7+ Kc5 46. Rxh7 Ra3 47. Kxg6 1-0

[Event "European Online Club-ch-I 2021"]
[Site "Online"]
[Date "2021.03.27"]
[Round "6.6"]
[White "Sorensen, Jan"]
[Black "Bilquez, Romain"]
[Result "0-1"]
[ECO "C06"]
[WhiteElo "2369"]
[BlackElo "2276"]
[Annotator "NA"]
[PlyCount "82"]
[EventDate "2021.03.27"]
[EventType "team-tourn"]
[EventCountry "NET"]
[SourceTitle "playchess.com"]
[Source "ChessBase"]
[SourceQuality "1"]
[TimeControl "900+5"]

1. e4 e6 2. d4 d5 3. Nd2 Nf6 4. e5 Nfd7 5. Bd3 c5 6. c3 Nc6 7. Ngf3 f6 8. exf6 Nxf6 9. O-O Bd6 10. dxc5 Bxc5 11. c4 O-O 12. Nb3 Bb6 13. Bg5 Qe8 14. Bh4 Qh5 15. Bg3 Bd7 16. c5 Bd8 17. Re1 Re8 18. Rc1 a5 19. a4 e5 20. Be2 Qf7 21. Bb5 Ne4 22. Nbd2 Nxg3 23. hxg3 e4 24. Bxc6 bxc6 25. Nd4 Rb8 26. N2b3 Rf8 27. Qd2 Rb4 28. Ra1 Bf6 29. Qe3 Rfb8 30. Ra3 Bxd4 31. Nxd4 Rxb2 32. Nb3 Ra8 33. Rf1 Qf6 34. Raa1 Bc8 35. Rfd1 Ba6 36. Nxa5 Bd3 37. Ra3 Re2 38. Qf4 Qxf4 39. gxf4 Rxa5 40. g3 Rc2 41. Rb1 Ra8 0-1

[Event "European Online Club-ch-I 2021"]
[Site "Online"]
[Date "2021.03.27"]
[Round "6.7"]
[White "Martsynovskaya, Marina"]
[Black "Boe, Mads"]
[Result "0-1"]
[ECO "B18"]
[WhiteElo "2046"]
[BlackElo "2250"]
[Annotator "NA"]
[PlyCount "100"]
[EventDate "2021.03.27"]
[EventType "team-tourn"]
[EventCountry "NET"]
[SourceTitle "playchess.com"]
[Source "ChessBase"]
[SourceQuality "1"]
[TimeControl "900+5"]

1. e4 c6 2. d4 d5 3. Nc3 dxe4 4. Nxe4 Bf5 5. Ng3 Bg6 6. Nf3 Nf6 7. Bd3 e6 8. O-O Nbd7 9. c4 Be7 10. Re1 O-O 11. Bxg6 hxg6 12. Bd2 a5 13. Bc3 a4 14. Qe2 Qb6 15. Ng5 Bb4 16. Rad1 Qa5 17. Bxb4 Qxb4 18. Qc2 Nb6 19. b3 axb3 20. axb3 Nbd7 21. Ra1 b5 22. N5e4 Nb6 23. Nxf6+ gxf6 24. Rac1 f5 25. cxb5 cxb5 26. Qc5 Nd5 27. Qxb4 Nxb4 28. Rc7 Rfd8 29. Ne2 Ra2 30. Kf1 Rb2 31. Rb7 Nd3 32. Ra1 Rxb3 33. Nc1 Nxc1 34. Rxc1 f4 35. Rc5 f3 36. gxf3 Rxf3 37. Rcxb5 Rxd4 38. Rb2 g5 39. Kg2 g4 40. R7b5 Rdf4 41. Rg5+ Kh7 42. Rxg4 Rxg4+ 43. Kxf3 Rg1 44. Rb4 f5 45. Rb6 Re1 46. Kf4 Kg6 47. f3 Kf6 48. h4 Rg1 49. Ra6 Rb1 50. Rb6 Rxb6 0-1

[Event "European Online Club-ch-I 2021"]
[Site "Online"]
[Date "2021.03.27"]
[Round "6.8"]
[White "Rendboe, John Filip"]
[Black "Devallee, Jeremie"]
[Result "0-1"]
[ECO "A58"]
[WhiteElo "2169"]
[BlackElo "2220"]
[Annotator "NA"]
[PlyCount "82"]
[EventDate "2021.03.27"]
[EventType "team-tourn"]
[EventCountry "NET"]
[SourceTitle "playchess.com"]
[Source "ChessBase"]
[SourceQuality "1"]
[TimeControl "900+5"]

1. d4 Nf6 2. c4 c5 3. d5 b5 4. cxb5 a6 5. bxa6 g6 6. g3 Bg7 7. Bg2 d6 8. Nh3 O-O 9. O-O Nxa6 10. Nf4 Nb4 11. Nc3 Nd7 12. h4 Ne5 13. h5 Bg4 14. hxg6 hxg6 15. a3 Na6 16. Nd3 Nc4 17. Qc2 Na5 18. Rb1 c4 19. Nb4 Nxb4 20. axb4 Nb3 21. Bg5 Qb6 22. Bxe7 Rfe8 23. Bg5 Nd4 24. Qd2 Nxe2+ 25. Nxe2 Rxe2 26. Qf4 Bf5 27. Ra1 Rc8 28. g4 Bd3 29. Bf6 Rxb2 30. Bxb2 Bxb2 31. Rfe1 Bxa1 32. Rxa1 c3 33. Bf1 Bxf1 34. Kxf1 c2 35. Kg1 Qc7 36. Rc1 Qc3 37. g5 Rc4 38. Qf6 Rg4+ 39. Kh2 Rh4+ 40. Kg1 Qh3 41. Qd8+ Kh7 0-1